 Dungeon Crawl Stone Soup version 0.28-a0-1002-gf00fe891ef (webtiles) character file.

Game seed: 2641946878148140395

11 ytrimaz the Insei (level 2, 16/16 HPs)
             Began as an Octopode Transmuter on Dec 7, 2021.
             Was a Follower of Hepliaklqana.
             Quit the game on level 1 of the Dungeon.
             The game lasted 00:01:02 (730 turns).

ytrimaz the Insei (Octopode Transmuter)              Turns: 730, Time: 00:01:03

Health: 16/16      AC:  1    Str:  9    XL:     2   Next: 29%
Magic:  5/5        EV: 13    Int: 15    God:    Hepliaklqana [*.....]
Gold:   46         SH:  0    Dex: 12    Spells: 4/5 levels left

rFire   . . .      SeeInvis .     - Unarmed
rCold   . . .      Faith    .   (no shield)
rNeg    . . .      Spirit   .   (helmet restricted)
rPois   .          Reflect  .   (no amulet)
rElec   .          Harm     .   (no ring)
rCorr   .          Rampage  .   (no ring)
Will    .....                   (no ring)
Stlth   ++........              (no ring)
HPRegen 0.05/turn               (no ring)
MPRegen 0.09/turn               (no ring)
                                (no ring)
                                (no ring)

@: no status effects
A: reduced essence, almost no armour, amphibious, 8 rings, camouflage 1,
gelatinous body 1, (nimble swimmer 1), tentacles
a: Renounce Religion, Recall Ancestor, Ancestor Identity


You were on level 1 of the Dungeon.
You worshipped Hepliaklqana.
Hepliaklqana was aware of your devotion.
You visited 1 branch of the dungeon, and saw 2 of its levels.

You collected 46 gold pieces.

Inventory:

Potions
 a - a potion of brilliance {unknown}


   Skills:
 * Level 1.2 Fighting
 - Level 2.0 Dodging
 + Level 3.2 Unarmed Combat
 * Level 2.2 Spellcasting
 * Level 2.2 Transmutations


You had 4 spell levels left.
You knew the following spells:

 Your Spells              Type           Power      Damage    Failure   Level
a - Beastly Appendage     Tmut           16%        N/A       9%          1

Your spell library contained the following spells:

 Spells                   Type           Power      Damage    Failure   Level
 Wereblood                Tmut           8%         N/A       13%         2
 Spider Form              Tmut/Pois      5%         N/A       38%         3
 Ice Form                 Ice/Tmut       5%         N/A       80%         4


Dungeon Overview and Level Annotations

Branches:
Dungeon (2/15)

Altars:
Hepliaklqana

Shops:
D:1 =


Innate Abilities, Weirdness & Mutations

Your life essence is reduced to manifest your ancestor. (-10% HP)
You cannot wear most types of armour.
You are amphibious.
You can wear up to eight rings at the same time.
Your skin changes colour to match your surroundings (Stealth+).
Your rubbery body absorbs attacks. (AC +1, EV +1)
((You are camouflaged near water. (Stealth+)))
You have tentacles for arms and can constrict up to eight enemies at once.


Message History

There is an entrance to Beuroli's Jewellery Shoppe here.
Your transformation is almost over.
Your tentacle spike disappears.
Found a faded altar of an unknown god.
Things that are here:
a +0 robe; a human skeleton
There is a faded altar of an unknown god here.
You cannot tell which god this altar belongs to.
Convert to them anyway? [Y]es or [N]o only, please.
You cannot tell which god this altar belongs to.
Convert to them anyway?
Hepliaklqana accepts your prayer! Hepliaklqana welcomes you!
Hepliaklqana forms a fragment of your life essence into the memory of your ancestor, Sofian!
You can now recall your ancestor.
You can now remember your ancestor's identity.
Found a stone staircase leading down.
There is a stone staircase leading down here.
There is a stone staircase leading down here.
You climb downwards.
The hobgoblin shouts!
Found a smoky green potion and a dagger.
There is a stone staircase leading up here.
Remember Sofian's name as what?
Sola Yes, Sola is definitely a better name.
Was Sola a) male, b) female, or c) neither? (Currently male.)
Okay, then.
You climb upwards.
There is a stone staircase leading down here.
Okay, then.
You tentacle-slap the dart slug. You grab the dart slug.
You tentacle-slap the dart slug.
The dart slug is heavily wounded.
You constrict the dart slug. The dart slug barely misses you.
Sola hits the dart slug.
You tentacle-slap the dart slug.
The dart slug is almost dead.
You constrict the dart slug.
You kill the dart slug!
You see here a dart slug corpse.
Are you sure you want to abandon this character and quit the game? (Confirm with "yes".)

.........##.######.##
...###..............#
...# ######.######..#
...# ##.######..###.#
...#######..∩...........#
........##..###.##..###.#
#.##.##.##..# #.#...#
#.#...#.##..###.#..##
#.#...#.##...>.>@..#
#.......##.####R........
#..........# #.#..####.
#.......#### ######
###...#.# ###♣_♣###
#...#.#####P...[.P##
###....#...#P..P≈≈..P#
.....##R#####..≈≈≈..##
###.###.##..##P...P##


You could see the friendly Sola the ancestor.

Vanquished Creatures
  A dart slug (D:1)
  A bat (D:1)
  An endoplasm (D:1)
  A goblin (D:1)
  A hobgoblin (D:1)
  A quokka (D:1)
  A ball python (D:1)
  2 rats (D:1)
9 creatures vanquished.

Notes
Turn   | Place    | Note
-------+----------+-------------------------------------------
     0 | D:1      | ytrimaz the Octopode Transmuter began the quest for the
                  | Orb.
     0 | D:1      | Reached XP level 1. HP: 13/13 MP: 3/3
     3 | D:1      | Noticed an electric eel
     4 | D:1      | Noticed an electric eel
   335 | D:1      | Reached XP level 2. HP: 12/18 MP: 3/5
   558 | D:1      | Found Beuroli's Jewellery Shoppe.
   681 | D:1      | Found a faded altar of an unknown god.
   688 | D:1      | Prayed at the altar of an unknown god.
   688 | D:1      | Became a worshipper of Hepliaklqana the Forgotten
   688 | D:1      | Reached * piety under Hepliaklqana
   730 | D:1      | Quit the game

Illustrated notes

Levels and vault maps discovered:
D:1:      arrival_aquarium_b, layout_loops_ring,
          dreamdust_ecumenical_altar_hidden_monk_grotto, serial_shops, shop,
          kennysheep_crisscross
D:2:      layout_loops_corners, serial_shops, shop, minmay_mini_jars

Action                   || total
-------------------------++-------
Melee: Unarmed           ||    16
       Constrict         ||     5
       Kick              ||     4
       Tentacles         ||     2
       Punch             ||     1
 Cast: Beastly Appendage ||     7
Invok: Ancestor Identity ||     1
 Stab: Sleeping          ||     1
Armor: Skin              ||     2
Dodge: Dodged            ||     9

Table legend: (Time is in decaauts)
 A = Elapsed time spent in this place.
 B = Non-inter-level travel time spent in this place.
 C = Inter-level travel time spent in this place.
 D = Time resting spent in this place.
 E = Time spent auto-exploring this place.
 F = Levels seen in this place.
 G = Mean time per level.
                   A        B        C        D        E       F      G
               +--------+--------+--------+--------+--------+-----+--------+
         Total |    729 |    695 |     34 |      0 |    619 |   2 |  364.5 |
       Dungeon |    729 |    695 |     34 |      0 |    619 |   2 |  364.5 |
               +--------+--------+--------+--------+--------+-----+--------+

Top non-repeatable levels by time:
     D:1: 727 daAuts
     D:2: 1 daAuts
